 Dungeon Crawl Stone Soup version 0.19-a0-320-gcfc3c9c (webtiles) character file.

335 Ordine the Magician (level 6, -4/32 HPs)
             Began as a Deep Elf Wizard on May 28, 2016.
             Killed by divine providence
             ... invoked by an orc priest
              (13 damage)
             ... on level 4 of the Dungeon.
             The game lasted 00:18:22 (4626 turns).

Ordine the Magician (Deep Elf Wizard)               Turns: 4626, Time: 00:18:22

Health: -4/32      AC:  5    Str:  4    XL:     6   Next: 28%
Magic:  8/18       EV: 12    Int: 25    God:
Gold:   199        SH:  0    Dex: 13    Spells: 5 memorised, 8 levels left

rFire  . . .     SeeInvis .     s - staff of cold (curse)
rCold  + . .     Gourm    .     a - +0 robe
rNeg   . . .     Faith    .     (no shield)
rPois  .         Spirit   .     h - +1 helmet
rElec  .         Dismiss  .     k - +0 cloak
rCorr  .         Reflect  .     (no gloves)
SustAt .         Harm     .     (no boots)
MR     .....                    (no amulet)
Stlth  ++........               (no ring)
                                (no ring)

@: very slightly contaminated, not resistant to hostile enchantments, unstealthy
A: no striking features
a: no special abilities


You were on level 4 of the Dungeon.
You were hungry.

You visited 1 branch of the dungeon, and saw 4 of its levels.

You collected 199 gold pieces.

Inventory:

Hand Weapons
 f - a +1 short sword
Armour
 a - a +0 robe (worn)
 h - a +1 helmet (worn)
 k - a +0 cloak (worn)
Magical Staves
 s - a cursed staff of cold (weapon)
Wands
 i - a wand of random effects (38/48)
 q - a wand of flame (29/48)
Scrolls
 g - 2 scrolls of magic mapping
 o - 2 scrolls of teleportation
Potions
 e - 2 potions of invisibility {unknown}
 j - 3 potions of curing
 l - a potion of magic
 n - a potion of lignification
 p - a potion of flight {unknown}
Books
 c - a book of Minor Magic

   Spells                             Type                      Level
   a - Magic Dart                     Conjuration                  1
   b - Blink                          Translocation                2
   c - Call Imp                       Summoning                    2
   d - Repel Missiles                 Charms/Air                   2
   e - Slow                           Hexes                        2
   f - Conjure Flame                  Conjuration/Fire             3
   g - Mephitic Cloud                 Conjuration/Poison/Air       3
Comestibles
 b - 2 beef jerkies
 d - 2 bread rations
 m - 3 meat rations
 r - a slice of pizza


   Skills:
 - Level 2.4 Dodging
 - Level 2.4 Stealth
 + Level 7.4 Spellcasting
 + Level 3.8 Conjurations
   Level 1.1 Summonings
 - Level 3.0 Translocations
 + Level 0.4 Fire Magic
 + Level 0.2 Air Magic
 + Level 0.2 Evocations


You had 8 spell levels left.
You knew the following spells:

 Your Spells              Type           Power        Failure   Level  Hunger
a - Magic Dart            Conj           ####         1%          1    None
b - Blink                 Tloc           N/A          3%          2    None
c - Conjure Flame         Conj/Fire      ###.....     10%         3    None
d - Mephitic Cloud        Conj/Pois/Air  ###.....     12%         3    None
e - Repel Missiles        Chrm/Air       #.....       12%         2    None


Dungeon Overview and Level Annotations

Branches:
Dungeon (4/15)
 Temple: D:4-7

Altars:
Ukayaw
Xom


Message History

* * * LOW HITPOINT WARNING * * *
The giant cockroach moves out of view.
Casting: Magic Dart
Confirm with . or Enter, or press ? or * to list all spells.
Aiming: Magic Dart
Press: ? - help, Shift-Dir - straight line, f/p - orc priest
Aim: an orc priest, wearing a leather armour (heavily wounded)
The magic dart hits the orc priest.
The orc priest is severely wounded.
Casting: Magic Dart
Confirm with . or Enter, or press ? or * to list all spells.
Aiming: Magic Dart
Press: ? - help, Shift-Dir - straight line, f/p - orc priest
Aim: an orc priest, wearing a leather armour (severely wounded)
You miscast Magic Dart.
You are very lightly contaminated with residual magic.
Sparks fly from your hands!
The orc priest calls down the wrath of Beogh upon you.
Beogh smites you!
You die...

.. #.#....[..##.##..# #.
##.####.####.....# #. #.# #.#
####.##
###.###.####.#######.#####
..........................
###.###.###.....####.#####
#......# #..##.##.....#
#..###.###..##.##.###.###
......!.).@...##....# #....
.......##.o##.#.#####>###.###
.##.#.. #†##.###.# #.....#
#....o.. .# #.# ###.### #
#....##### ## #.# ## ....
#.####. #...... ######. ##


You could see an orc priest and an orc.

Vanquished Creatures
  A scorpion (D:4)
  2 orc priests
  A hound (D:4)
  An iguana (D:2)
  6 adders
  An ooze (D:1)
  An adder skeleton (D:4)
  4 worms (D:2)
  5 dart slugs
  3 giant geckos
  4 orcs
  A ball python (D:1)
  9 bats
  2 giant cockroaches
  9 goblins
  9 hobgoblins
  7 jackals
  3 quokkas
  A giant gecko skeleton (D:4)
  3 giant newts
  7 kobolds
  4 rats
84 creatures vanquished.

Notes
Turn   | Place    | Note
--------------------------------------------------------------
     0 | D:1      | Ordine the Deep Elf Wizard began the quest for the Orb.
     0 | D:1      | Reached XP level 1. HP: 10/10 MP: 7/7
   280 | D:1      | Reached skill level 5 in Spellcasting
   280 | D:1      | Reached XP level 2. HP: 15/15 MP: 1/10
   434 | D:1      | Learned a level 2 spell: Blink
  1115 | D:2      | Reached XP level 3. HP: 16/19 MP: 1/11
  1908 | D:2      | Reached XP level 4. HP: 20/24 MP: 4/13
  2304 | D:2      | Learned a level 3 spell: Conjure Flame
  2308 | D:2      | Learned a level 3 spell: Mephitic Cloud
  2311 | D:2      | Learned a level 2 spell: Repel Missiles
  2571 | D:2      | Reached skill level 6 in Spellcasting
  3251 | D:3      | Reached XP level 5. HP: 28/28 MP: 10/15
  4356 | D:4      | Reached skill level 7 in Spellcasting
  4447 | D:4      | Found a shimmering altar of Xom.
  4465 | D:4      | Reached XP level 6. HP: 29/32 MP: 12/18
  4584 | D:4      | Found a hide-covered altar to Ukayaw.
  4626 | D:4      | Killed from afar by an orc priest

Vault maps used:
D:1:      dpeg_arrival_boxorama
D:2:      grunt_decor_mini_mirrors, amalloy_card_club
D:4:      nicolae_overflow_hidden_temple, xom_butterflies, first_bread

Skill      XL: |  1  2  3  4  5  6 |
---------------+-------------------+-----
Spellcasting   | 5 6 7 |  7.4
Conjurations   | 2 3 |  3.8
Translocations | 2 3 |  3.0
Dodging        | |  2.4
Stealth        | |  2.4
Summonings     | |  1.1
Fire Magic     | |  0.4
Air Magic      | |  0.2
Evocations     | |  0.2

Action                   |  1- 3 |  4- 6 || total
-------------------------+-------+-------++-------
Melee: Short sword       |    15 |    11 ||    26
 Cast: Magic Dart        |   107 |   159 ||   266
       Conjure Flame     |       |     2 ||     2
       Repel Missiles    |       |     1 ||     1
       Blink             |       |     1 ||     1
       Mephitic Cloud    |       |     1 ||     1
Evoke: Deck              |       |     6 ||     6
  Use: Scroll            |     6 |     2 ||     8
       Potion            |       |     2 ||     2
  Eat: Chunk             |     3 |     6 ||     9
       Beef jerky        |       |     1 ||     1
Armor: Robe              |    20 |     7 ||    27
       Skin              |       |     4 ||     4
Dodge: Dodged            |    31 |    24 ||    55
       Deflected         |       |     1 ||     1
